Match 41423002
Unlisted

Match 41423002
End
Construct Weapon Support Center
Selects Armored Battlegroup
Selects Assault Engineers
Assault Engineer Squad
M1919 Machine Gun Team
Assault Engineer Squad
M1919 Machine Gun Team
Air Support Center
M3 Armored Personnel Carrier
M3 Armored Personnel Carrier
P-47 Strafing Run
Assault Engineer Squad
Selects Strength in Steel
P-47 Dive Bomb
P-47 Strafing Run
Construct Tank Depot
P-47 Strafing Run
Selects M8 Scott SPG
Selects UNKNOWN (2160077)
M8 Scott SPG
P-47 Dive Bomb
M4A3E8 Sherman Easy Eight
P-47 Strafing Run
Assault Engineer Squad
P-47 Strafing Run
P-47 Dive Bomb
M4A3E8 Sherman Easy Eight
.30 cal Machine Gun
Assault Engineer Squad
Selects M31 Recovery Vehicle
Selects War Machine
M4A3E8 Sherman Easy Eight
P-47 Strafing Run
Altsin
WeldingExpert
Duke1Basketball
Kenneth
UH|dun! ツ
UH|XTC
iceman
Clay
0
0

Comments sign in to comment!

No comments posted yet!